 Dungeon Crawl Stone Soup version 0.27-a0-830-ga1c911b16d (webtiles) character file.

Game seed: 17129497253614696797

4022 Hot the Carver (level 10, -1/135 HPs)
             Began as a Minotaur Berserker on Mar 31, 2021.
             Was an Elder of Trog.
             Slain by an orc knight
             ... wielding a +0 battleaxe
              (19 damage)
             ... in a bailey.
             The game lasted 00:42:36 (7389 turns).

Hot the Carver (Minotaur Berserker)                 Turns: 7389, Time: 00:42:36

Health: -1/135     AC: 14    Str: 23    XL:     10   Next: 4%
Magic:  9/9        EV: 11    Int:  4    God:    Trog [****..]
Gold:   213        SH:  5    Dex: 18    Spells: 9/9 levels left

rFire    . . .     SeeInvis .   a - +0 falchion
rCold    . . .     Faith    .   (no shield)
rNeg     + . .     Spirit   .   s - +2 chain mail {rN+}
rPois    .         Reflect  +   (helmet restricted)
rElec    .         Harm     .   k - +0 cloak
rCorr    .         Rampage  .   (no gloves)
Will     ++...                  (no boots)
Stlth    ..........             v - amulet of reflection
HPRegen  1.32/turn              x - +6 ring of dexterity
MPRegen  0.11/turn              (no ring)

@: berserking, regenerating, very quick
A: horns 2, retaliatory headbutt
a: Renounce Religion, Berserk, Trog's Hand, Brothers in Arms


You were in a bailey.
You worshipped Trog.
Trog was greatly pleased with you.
You visited 1 branch of the dungeon, and saw 8 of its levels.
You also visited: Bailey.

You collected 353 gold pieces.
You spent 140 gold pieces at shops.

Inventory:

Hand Weapons
 a - a +0 falchion (weapon)
 b - a +0 shortbow
Missiles
 F - 33 arrows
Armour
 k - a +0 cloak (worn)
 s - a +2 chain mail of positive energy (worn)
Jewellery
 d - an amulet of regeneration
 v - an amulet of reflection (around neck)
 x - a +6 ring of dexterity (left hand)
 B - an amulet of faith
 G - a +6 ring of intelligence
Wands
 r - a wand of flame (62)
 t - a wand of random effects (35)
 u - a wand of iceblast (44)
 C - a wand of polymorph (8)
Scrolls
 c - 2 scrolls of silence {unknown}
 e - a scroll of noise {unknown}
 i - 2 scrolls of amnesia {unknown}
 l - 3 scrolls of torment {unknown}
 m - 2 scrolls of summoning {unknown}
 y - a scroll of immolation {unknown}
 E - 4 scrolls of teleportation
Potions
 f - 3 potions of curing
 g - 2 potions of ambrosia
 h - 3 potions of berserk rage
 j - 4 potions of flight
 n - 4 potions of heal wounds
 o - 2 potions of attraction
 p - a potion of brilliance {unknown}
 q - 2 potions of degeneration
 w - 2 potions of lignification {unknown}
 z - 2 potions of haste
 A - 5 potions of mutation {unknown}
 D - a potion of invisibility {unknown}
 H - a potion of cancellation {unknown}
 I - a potion of magic {unknown}


   Skills:
 + Level 8.5 Fighting
 + Level 10.9 Long Blades
 + Level 1.2 Bows
 + Level 9.5 Armour
 + Level 4.6 Dodging
 + Level 1.6 Stealth
 + Level 3.7 Shields


You had 9 spell levels left.
You didn't know any spells.
Your spell library was empty.

Dungeon Overview and Level Annotations

Branches:
Dungeon (8/15)             Temple (0/1) D:5          Bailey (1/1)
   Lair: D:8-11

Altars:
Cheibriados
Dithmenos
Elyvilon
Gozag
Okawaru
Ru
Sif Muna
Trog
Uskayaw
Wu Jian
Zin
The Shining One

Shops:
D:1 *   D:2 (   D:6 !


Innate Abilities, Weirdness & Mutations

You have a pair of horns on your head.
You reflexively headbutt those who attack you in melee.


Message History

There is an open door here.
Your skin crawls.
You feel strong-willed.
The orc knight hits you with a +0 battleaxe!
You hit the orc knight.
The orc knight is lightly wounded.
You block the gnoll's attack.
The orc knight hits you with a +0 battleaxe!
You hit the orc knight but do no damage.
The orc knight is lightly wounded.
The gnoll hits you from afar with a +0 halberd.
The orc knight hits you with a +0 battleaxe!!
* * * LOW HITPOINT WARNING * * *
You feel much better. You block the gnoll's attack.
You block the orc knight's attack. What are your orders? t - Shout!
Orders for allies: a - Attack new target. r - Retreat! s - Stop attacking. g - Guard the area. f - Follow me.
Anything else - Cancel.
Okay, then.
Toss (no damage): 3 potions of degeneration
Press: ? - help, Shift-Dir - straight line, f - orc knight
Aim: an orc knight, wielding a +0 battleaxe and wearing a +0 plate armour (lightly wounded, 65% to hit)
You toss away a potion of degeneration.
The potion of degeneration hits the orc knight but does no damage.
The orc knight is lightly wounded.
The gnoll barely misses you.
The orc knight hits you with a +0 battleaxe!
* * * LOW HITPOINT WARNING * * *
A red film seems to cover your vision as you go berserk!
You feel yourself moving faster!
You feel mighty! The gnoll closely misses you.
The orc knight hits you with a +0 battleaxe!
* * * LOW HITPOINT WARNING * * *
You slash the orc knight! Your headbutt misses the orc knight.
The orc knight is lightly wounded.
The gnoll barely misses you.
The orc knight hits you with a +0 battleaxe!!
You die...

#.###.#
#.#g#
##'##'##'#
#g '##'
##)()..#
...#
###.()..###
....#
#.'((⌠..'.#
.⌠..'
###.....###
....
#.....##


#gK #'##'##(###g# #.# #.###.@o# ## ### ##### You could see an orc knight, a
gnoll, a hobgoblin and a kobold.

Vanquished Creatures
  Pikel (D:5)
  Grinder (D:5)
  Sigmund (D:5)
  2 shadows
  Eustachio (D:4)
  Edmund (D:4)
  A water moccasin (D:6)
  An ice beast (D:7)
  A sky beast (D:7)
  2 ogres
  4 necrophages
  A lemure (D:5)
  A centaur (D:7)
  Blork the orc (D:4)
  A kobold brigand (D:6)
  3 wyvern zombies
  A bullfrog (D:6)
  2 scorpions
  2 water moccasin skeletons (D:5)
  A bullfrog zombie (D:5)
  A jelly (D:7)
  A hound (D:6)
  Crazy Yiuf (D:3)
  A gnoll shaman (D:7)
  9 orc priests
  2 iguanas
  Jessica (D:3)
  A bullfrog skeleton (D:4)
  Ijyb (D:4)
  Terence (D:3)
  9 orc wizards
  2 howler monkey skeletons
  7 adders
  16 gnolls
  A white imp (D:5)
  An adder skeleton (D:4)
  A worm (D:4)
  3 dart slugs
  23 orcs
  8 ball pythons
  8 bats
  9 endoplasms
  3 giant cockroaches (D:4)
  13 hobgoblins
  35 kobolds
  5 quokkas
  3 frilled lizards
  7 goblins
  5 rats
207 creatures vanquished.

Vanquished Creatures (others)
  6 plants (D:6)
6 creatures vanquished.

Grand Total: 213 creatures vanquished

Notes
Turn   | Place    | Note
-------+----------+-------------------------------------------
     0 | D:1      | Hot the Minotaur Berserker began the quest for the Orb.
     0 | D:1      | Reached XP level 1. HP: 19/19 MP: 0/0
   200 | D:1      | Reached XP level 2. HP: 27/27 MP: 1/1
   287 | D:1      | Found Yrauwufa's Assorted Antiques.
   381 | D:1      | Reached skill level 4 in Long Blades
   831 | D:2      | Found a snail-covered altar of Cheibriados.
   946 | D:2      | Found an ornate altar of the Wu Jian Council.
   948 | D:2      | Found an iron altar of Okawaru.
   951 | D:2      | Found an opulent altar of Gozag.
   952 | D:2      | Found a shadowy altar of Dithmenos.
   952 | D:2      | Found a sacrificial altar of Ru.
   958 | D:2      | Reached XP level 3. HP: 32/33 MP: 2/2
   973 | D:2      | Found a bloodstained altar of Trog.
   976 | D:2      | Reached ** piety under Trog
  1036 | D:2      | Found Puorphi's Antique Weapon Shop.
  1037 | D:2      | Noticed a necrophage
  1043 | D:2      | Killed a necrophage
  1044 | D:2      | Reached skill level 5 in Long Blades
  1044 | D:2      | Reached XP level 4. HP: 41/41 MP: 3/3
  1194 | D:2      | Reached skill level 5 in Fighting
  1194 | D:2      | Reached XP level 5. HP: 35/48 MP: 4/4
  1586 | D:3      | Found a hide-covered altar of Uskayaw.
  1589 | D:3      | Found a shimmering blue altar of Sif Muna.
  1593 | D:3      | Found a white marble altar of Elyvilon.
  1780 | D:3      | Found a runed translucent door.
  1781 | D:3      | Noticed Crazy Yiuf
  1931 | D:3      | Noticed Jessica
  1938 | D:3      | Killed Jessica
  1960 | D:3      | Noticed Terence
  1967 | D:3      | Killed Terence
  1968 | D:3      | Reached skill level 6 in Long Blades
  2415 | D:3      | Killed Crazy Yiuf
  2416 | D:3      | Reached XP level 6. HP: 51/56 MP: 5/5
  2470 | D:4      | Noticed Blork the orc
  2474 | D:4      | Noticed Edmund
  2480 | D:4      | Killed Blork the orc
  2491 | D:4      | HP: 4/84 [Edmund/+0 flail of protection (7)]
  2493 | D:4      | Killed Edmund
  2494 | D:4      | Reached skill level 7 in Long Blades
  2592 | D:4      | Reached XP level 7. HP: 62/62 MP: 6/6
  2651 | D:4      | Noticed Eustachio
  2656 | D:4      | Reached *** piety under Trog
  2701 | D:4      | Killed Eustachio
  2702 | D:4      | Reached skill level 1 in Stealth
  2791 | D:4      | Reached skill level 5 in Armour
  2798 | D:4      | Reached skill level 8 in Long Blades
  3076 | D:4      | Noticed Ijyb
  3084 | D:4      | Killed Ijyb
  3389 | D:5      | Entered Level 5 of the Dungeon
  3487 | D:5      | Found a staircase to the Ecumenical Temple.
  3540 | D:5      | Noticed Pikel
  3566 | D:5      | Killed Pikel
  3567 | D:5      | Reached skill level 1 in Shields
  3567 | D:5      | Reached XP level 8. HP: 9/71 MP: 7/7
  3788 | D:5      | Found a glowing golden altar of the Shining One.
  3815 | D:5      | Reached skill level 9 in Long Blades
  4042 | D:5      | Noticed Grinder
  4058 | D:5      | Paralysed by Grinder for 6 turns
  4068 | D:5      | Killed Grinder
  4229 | D:5      | Reached XP level 9. HP: 73/79 MP: 8/8
  4278 | D:5      | Noticed Sigmund
  4317 | D:5      | Killed Sigmund
  4690 | D:5      | Reached skill level 10 in Long Blades
  4869 | D:6      | Found Puefirer's Distillery.
  4878 | D:6      | Bought a potion of haste for 140 gold pieces
  5226 | D:6      | Identified the +12 mace of Uwnav {venom, +Rage Str+9 Int-5
                  | Dex-2}
  5458 | D:6      | Found a glowing silver altar of Zin.
  6436 | D:7      | Found a shadowy altar of Dithmenos.
  7142 | D:8      | Found a flagged portal.
  7163 | D:8      | Reached XP level 10. HP: 79/90 MP: 9/9
  7176 | Bailey   | Entered a bailey
  7183 | Bailey   | Reached **** piety under Trog
  7187 | Bailey   | Reached skill level 1 in Bows
  7376 | Bailey   | Noticed an orc knight
  7389 | Bailey   | Slain by an orc knight

Illustrated notes

Levels and vault maps discovered:
D:1:      scummos_arrival_hexagon, layout_basic, serial_shops, shop
D:2:      layout_basic, grunt_temple_overflow_open, kennysheep_slug_shrine,
          lightli_temple_of_fire, serial_shops, shop_fountains
D:3:      layout_basic, grunt_temple_overflow_diamond, minmay_circle_x,
          uniq_terence, uniq_crazy_yiuf_cottage, uniq_jessica
D:4:      layout_rooms, minivault_24, bh_walls_and_bars, uniq_eustachio,
          uniq_ijyb, uniq_edmund, uniq_blork_the_orc
D:5:      layout_basic, tso_metal_star, minmay_temple_entry_mist, uniq_sigmund,
          uniq_grinder, uniq_pikel
D:6:      kennysheep_kobold_camp, layout_loops_corners, zin_scriptorium,
          serial_rivers, chequers_serial_rivers_room_a,
          chequers_serial_rivers_small_a, chequers_serial_rivers_small_3,
          chequers_serial_rivers_marsh, chequers_serial_rivers_room_b,
          serial_shops, shop
D:7:      layout_gridville, nicolae_dithmenos_the_darkroom
D:8:      layout_rooms, makhleb_grotto_becter, enter_bailey_2
Bailey:   bailey_axe_2, bailey

Skill      XL: |  1  2  3  4  5  6  7  8  9 10 |
---------------+-------------------------------+-----
Fighting       | 4 5 6 7 8 |  8.5
Long Blades    | 4 5 6 7 8 9 10 | 10.9
Armour         | 3 4 6 7 9 |  9.5
Dodging        | 3 4 |  4.6
Stealth        | 1 |  1.6
Shields        | 1 2 3 |  3.7
Bows           | 1 |  1.2

Action                   |  1- 3 |  4- 6 |  7- 9 | 10-12 || total
-------------------------+-------+-------+-------+-------++-------
Melee: Falchion          |    49 |   101 |   389 |    47 ||   586
       Headbutt          |    11 |    24 |   102 |    14 ||   151
 Fire: Shortbow          |       |       |    20 |       ||    20
Invok: Berserk           |     1 |     1 |     1 |     1 ||     4
       Trog's Hand       |       |     2 |    10 |     1 ||    13
  Use: Scroll            |       |     4 |     6 |       ||    10
       Potion            |       |       |     2 |     1 ||     3
Armor: Animal skin       |     5 |       |       |       ||     5
       Leather armour    |    11 |     7 |       |       ||    18
       Plate armour      |       |     9 |       |       ||     9
       Ring mail         |       |    12 |       |       ||    12
       Chain mail        |       |     3 |   251 |    21 ||   275
Dodge: Dodged            |    34 |    46 |   163 |    37 ||   280
Block: Other             |       |       |    59 |    17 ||    76
       Reflection        |       |       |     4 |     4 ||     8
       Rpst.: Falchion   |     8 |    10 |    36 |    10 ||    64

Table legend: (Time is in decaauts)
 A = Elapsed time spent in this place.
 B = Non-inter-level travel time spent in this place.
 C = Inter-level travel time spent in this place.
 D = Time resting spent in this place.
 E = Time spent auto-exploring this place.
 F = Levels seen in this place.
 G = Mean time per level.
                   A        B        C        D        E       F      G
               +--------+--------+--------+--------+--------+-----+--------+
         Total |   7367 |   7162 |    205 |      0 |   5602 |   9 |  818.6 |
       Dungeon |   7163 |   6958 |    205 |      0 |   5494 |   8 |  895.4 |
        Bailey |    203 |    203 |      0 |      0 |    108 |   1 |  203.0 |
               +--------+--------+--------+--------+--------+-----+--------+

Top non-repeatable levels by time:
     D:6: 1508 daAuts
     D:5: 1438 daAuts
     D:3: 1133 daAuts
     D:4: 920 daAuts
     D:1: 791 daAuts
     D:7: 775 daAuts
     D:2: 565 daAuts
  Bailey: 203 daAuts
     D:8: 30 daAuts
